 Dungeon Crawl Stone Soup version 0.29.0-4-gdea44cf6ec (webtiles) character file.

Game seed: 11980554312156636160

111 qw the Chopper (level 4, -1/23 (26) HPs)
             Began as a Tengu Warper on Aug 28, 2022.
             Slain by a gnoll sergeant
             ... wielding a +0 spear
              (5 damage)
             ... on level 4 of the Dungeon.
             The game lasted 00:00:20 (3515 turns).

qw the Chopper (Tengu Warper)                       Turns: 3515, Time: 00:00:21

HP:   -1/23 (26)    AC: 10    Str: 19    XL:     4   Next: 92%
MP:   8/8           EV:  6    Int: 13    God:
Gold: 242           SH:  0    Dex: 14    Spells: 7/7 levels left

rFire   . . .      SeeInvis .   Y - +0 hand axe
rCold   . . .      Faith    .   (no shield)
rNeg    . . .      Spirit   .   b - +0 plate armour
rPois   .          Reflect  .   (helmet restricted)
rElec   .          Harm     .   (no cloak)
rCorr   .          Rampage  .   (no gloves)
Will    .....      Clarity  +   (boots unavailable)
Stlth   ..........              (no amulet)
HPRegen 0.07/turn               c - +6 ring of strength
MPRegen 0.11/turn               (no ring)

@: about to teleport, heavily drained
A: beak, talons 3, camouflage 1, clarity
a: no special abilities


You were on level 4 of the Dungeon.
You visited 2 branches of the dungeon, and saw 5 of its levels.

You collected 242 gold pieces.


Innate Abilities, Weirdness & Mutations

You have a beak for a mouth.
You have claws for feet.
Your skin changes colour to match your surroundings (Stealth+).
You possess an exceptional clarity of mind.


   Skills:
 - Level 2.0 Fighting
 + Level 5.1 Axes
 - Level 1.0 Throwing
 - Level 2.0 Armour
 - Level 2.1 Dodging
 - Level 2.0 Spellcasting
 - Level 2.4 Translocations


You had 7 spell levels left.
You didn't know any spells.
Your spell library contained the following spells:

 Spells                   Type           Power      Damage    Failure   Level
 Blink                    Tloc           14%        N/A       99%         2
 Gell's Gravitas          Tloc           7%         N/A       100%        3
 Lesser Beckoning         Tloc           7%         N/A       100%        3
 Teleport Other           Tloc           7%         N/A       100%        3
 Manifold Assault         Tloc           7%         N/A       100%        5

Inventory:

Hand Weapons
 d - a +0 flail
 Y - a +0 hand axe (weapon)
Missiles
 k - a boomerang (quivered)
Armour
 b - a +0 plate armour (worn)
Jewellery
 c - a +6 ring of strength (left hand)
 g - a ring of magical power
Scrolls
 a - 2 scrolls of teleportation
 j - 2 scrolls of identify
Potions
 e - a potion of mutation
 f - a potion of resistance {unknown}
 h - a potion of haste
 l - a potion of lignification {unknown}

Dungeon Overview and Level Annotations

Branches:
Dungeon (4/15)             Temple (1/1) D:4

Altars:
Ashenzari
Dithmenos
Elyvilon
Fedhas
Gozag
Hepliaklqana
Kikubaaqudgha
Makhleb
Nemelex Xobeh
Ru
Trog
Uskayaw
Vehumet
Wu Jian
Yredelemnul
Zin
The Shining One


Message History

The jackal bites you but does no damage.
The necrophage completely misses you.
You barely miss the necrophage.
You peck the necrophage, but do no damage.
The necrophage is heavily damaged.
You hit the jackal.
The jackal bites you but does no damage.
The necrophage hits you. The jackal closely misses you.
You closely miss the jackal.
The jackal is almost dead.
You hit the necrophage. The necrophage hits you.
You feel drained.
A gnoll sergeant comes into view. It is wielding a +0 spear.
The jackal bites you.
You hit the jackal but do no damage. You claw the jackal.
You kill the jackal!
You hit the necrophage. The necrophage hits you.
You feel drained.
You hit the necrophage.
The necrophage is severely damaged.
The necrophage hits you.
You feel drained.
You closely miss the necrophage.
The necrophage is severely damaged.
The necrophage hits you but does no damage.
The gnoll sergeant hits you from afar with a +0 spear.
You hit the necrophage but do no damage.
Your kick misses the necrophage.
You peck the necrophage, but do no damage.
The necrophage is severely damaged.
The necrophage hits you. The gnoll sergeant barely misses you.
You barely miss the necrophage.
The necrophage is severely damaged.
The necrophage hits you but does no damage.
The gnoll sergeant hits you from afar with a +0 spear.
3515 ||| READING 3 scrolls of teleportation.
As you read the scroll of teleportation, it crumbles to dust.
You feel strangely unstable.
The necrophage hits you but does no damage.
The gnoll sergeant hits you from afar with a +0 spear.
You die...

.... .# ...
.# .g##.
.... g.#
#.# #g#
#.#####.###
#
......n@..#
.
.######.#.#
# #.#.# #
#.#.# #
#.#.#
####.#.#
#....#.###
#........##
#..8.8.8.(#


You could see a necrophage, a gnoll sergeant and a gnoll (wandering).

Vanquished Creatures
  3 adders
  5 dart slugs
  2 orcs (D:3)
  4 bats
  7 endoplasms
  6 goblins
  8 hobgoblins
  4 jackals
  6 kobolds
  5 quokkas
  7 ball pythons
  5 frilled lizards
  3 rats
65 creatures vanquished.

Vanquished Creatures (others)
  2 plants (D:1)
2 creatures vanquished.

Grand Total: 67 creatures vanquished

Notes
Turn   | Place    | Note
-------+----------+-------------------------------------------
     0 | D:1      | qw the Tengu Warper began the quest for the Orb.
     0 | D:1      | Reached XP level 1. HP: 12/12 MP: 4/4
     0 | D:1      | 0 ||| qw: Version: 0.1-a-89-g26bdef1
     0 | D:1      | 0 ||| qw: Game counter: 2829
     0 | D:1      | 0 ||| qw: Always use a shield: true
     0 | D:1      | 0 ||| qw: God list: Okawaru
     0 | D:1      | 0 ||| qw: Allow faded altars: false
     0 | D:1      | 0 ||| qw: Do Orc after D:15 true
     0 | D:1      | 0 ||| qw: Do second Lair branch before Depths: true
     0 | D:1      | 0 ||| qw: Lair rune preference: random
     0 | D:1      | 0 ||| qw: Plans: Normal
     0 | D:1      | 0 ||| PLANNING D:1-11
    91 | D:1      | 91 ||| Stepping ~*~*~tactically~*~*~ (hiding).
    97 | D:1      | Reached XP level 2. HP: 17/17 MP: 6/6
   119 | D:1      | Reached skill level 3 in Axes
   148 | D:1      | 148 ||| Stepping ~*~*~tactically~*~*~ (stealth).
   149 | D:1      | 149 ||| Stepping ~*~*~tactically~*~*~ (stealth).
   151 | D:1      | 151 ||| Stepping ~*~*~tactically~*~*~ (stealth).
   156 | D:1      | 156 ||| Stepping ~*~*~tactically~*~*~ (stealth).
   158 | D:1      | 158 ||| Stepping ~*~*~tactically~*~*~ (stealth).
   159 | D:1      | 159 ||| Stepping ~*~*~tactically~*~*~ (stealth).
   748 | D:1      | Reached XP level 3. HP: 21/21 MP: 7/7
   790 | D:1      | 790 ||| Stepping ~*~*~tactically~*~*~ (stealth).
   799 | D:1      | 799 ||| Stepping ~*~*~tactically~*~*~ (stealth).
   804 | D:1      | 804 ||| Stepping ~*~*~tactically~*~*~ (stealth).
   805 | D:1      | 805 ||| Stepping ~*~*~tactically~*~*~ (stealth).
   806 | D:1      | 806 ||| Stepping ~*~*~tactically~*~*~ (stealth).
   887 | D:1      | 887 ||| Stepping ~*~*~tactically~*~*~ (stealth).
  1121 | D:1      | 1121 ||| Stepping ~*~*~tactically~*~*~ (hiding).
  1130 | D:1      | Reached skill level 4 in Axes
  1272 | D:1      | Found a faded altar of an unknown god.
  1305 | D:1      | 1305 ||| UPGRADING to +0 ring mail.
  1315 | D:1      | 1315 ||| DROPPING +0 leather armour.
  1316 | D:1      | 1316 ||| DRINKING 2 golden potions.
  1317 | D:1      | 1317 ||| DRINKING 2 emerald potions.
  1317 | D:1      | Gained mutation: Your skin changes colour to match your
                  | surroundings (Stealth+). [potion of mutation]
  1317 | D:1      | Gained mutation: You possess an exceptional clarity of
                  | mind. [potion of mutation]
  1318 | D:1      | 1318 ||| DROPPING scroll of blinking.
  1319 | D:1      | 1319 ||| DROPPING potion of attraction.
  1728 | D:2      | 1728 ||| Stepping ~*~*~tactically~*~*~ (stealth).
  1975 | D:2      | 1975 ||| Stepping ~*~*~tactically~*~*~ (stealth).
  1976 | D:2      | 1976 ||| Stepping ~*~*~tactically~*~*~ (stealth).
  1981 | D:2      | 1981 ||| Stepping ~*~*~tactically~*~*~ (stealth).
  1982 | D:2      | 1982 ||| Stepping ~*~*~tactically~*~*~ (stealth).
  1985 | D:2      | 1985 ||| Stepping ~*~*~tactically~*~*~ (stealth).
  2164 | D:2      | 2164 ||| Stepping ~*~*~tactically~*~*~ (hiding).
  2165 | D:2      | 2165 ||| Stepping ~*~*~tactically~*~*~ (hiding).
  2172 | D:2      | Reached XP level 4. HP: 22/26 MP: 8/8
  2493 | D:2      | 2493 ||| UPGRADING to +0 plate armour.
  2503 | D:2      | 2503 ||| DROPPING +0 ring mail.
  2504 | D:2      | 2504 ||| UPGRADING to +6 ring of strength.
  2505 | D:2      | 2505 ||| READING scroll labelled PAURCH KEMO.
  2506 | D:2      | 2506 ||| READING scroll labelled XAEBLO RITZ.
  2507 | D:2      | 2507 ||| READING 2 scrolls labelled ONIDUI XETIMUA.
  2508 | D:2      | 2508 ||| READING scroll labelled CIQACS WAIB.
  2730 | D:3      | 2730 ||| DROPPING +0 whip.
  2830 | D:3      | 2830 ||| Stepping ~*~*~tactically~*~*~ (stealth).
  2846 | D:3      | 2846 ||| Stepping ~*~*~tactically~*~*~ (stealth).
  2847 | D:3      | 2847 ||| Stepping ~*~*~tactically~*~*~ (stealth).
  2861 | D:3      | Reached skill level 5 in Axes
  2886 | D:3      | 2886 ||| FLEEEEING.
  2887 | D:3      | 2887 ||| FLEEEEING.
  2889 | D:3      | 2889 ||| FLEEEEING.
  2890 | D:3      | 2890 ||| FLEEEEING.
  2892 | D:3      | 2892 ||| FLEEEEING.
  2893 | D:3      | 2893 ||| FLEEEEING.
  2894 | D:3      | 2894 ||| FLEEEEING.
  2895 | D:3      | 2895 ||| FLEEEEING.
  2896 | D:3      | 2896 ||| FLEEEEING.
  2898 | D:3      | 2898 ||| FLEEEEING.
  2943 | D:3      | 2943 ||| FLEEEEING.
  2944 | D:3      | 2944 ||| FLEEEEING.
  2945 | D:3      | 2945 ||| FLEEEEING.
  2946 | D:3      | 2946 ||| FLEEEEING.
  2947 | D:3      | 2947 ||| FLEEEEING.
  2948 | D:3      | 2948 ||| FLEEEEING.
  2949 | D:3      | 2949 ||| FLEEEEING.
  2950 | D:3      | 2950 ||| FLEEEEING.
  2951 | D:3      | 2951 ||| FLEEEEING.
  2952 | D:3      | 2952 ||| FLEEEEING.
  2953 | D:3      | 2953 ||| FLEEEEING.
  2954 | D:3      | 2954 ||| FLEEEEING.
  2955 | D:3      | 2955 ||| FLEEEEING.
  2956 | D:3      | 2956 ||| FLEEEEING.
  2957 | D:3      | 2957 ||| FLEEEEING.
  2958 | D:3      | 2958 ||| FLEEEEING.
  2959 | D:3      | 2959 ||| FLEEEEING.
  2963 | D:3      | 2963 ||| FLEEEEING.
  2964 | D:3      | 2964 ||| FLEEEEING.
  2965 | D:3      | 2965 ||| FLEEEEING.
  3308 | D:3      | 3308 ||| READING 5 scrolls labelled AMOIMI FIPHI.
  3312 | D:3      | 3312 ||| READING scroll labelled ZEFALU BUYNA.
  3313 | D:3      | 3313 ||| READING 4 scrolls of identify.
  3313 | D:3      | 3313 ||| IDENTIFYING purple potion
  3314 | D:3      | 3314 ||| READING 3 scrolls of identify.
  3314 | D:3      | 3314 ||| IDENTIFYING red potion
  3315 | D:3      | 3315 ||| READING 2 scrolls of identify.
  3315 | D:3      | 3315 ||| IDENTIFYING pink potion
  3316 | D:3      | 3316 ||| DROPPING potion of flight.
  3317 | D:3      | 3317 ||| DROPPING potion of magic.
  3318 | D:3      | 3318 ||| READING 4 scrolls of teleportation.
  3444 | D:4      | Found a staircase to the Ecumenical Temple.
  3445 | D:4      | 3445 ||| PLANNING TEMPLE
  3453 | Temple   | Entered the Ecumenical Temple
  3457 | Temple   | 3457 ||| PLANNING D:1-11
  3496 | D:4      | 3496 ||| Stepping ~*~*~tactically~*~*~ (stealth).
  3498 | D:4      | Noticed a necrophage
  3503 | D:4      | 3503 ||| Stepping ~*~*~tactically~*~*~ (stealth).
  3509 | D:4      | Noticed a gnoll sergeant
  3514 | D:4      | HP: 4/23 [gnoll sergeant/+0 spear (2)]
  3515 | D:4      | 3515 ||| READING 3 scrolls of teleportation.
  3515 | D:4      | Slain by a gnoll sergeant

Levels and vault maps discovered:
D:1:      spicycebolla_green_bress_n_ham, layout_basic,
          chequers_ecumenical_altar_lobes, minmay_misc_feat_more_columns,
          chequers_serial_rivers_micro_e
D:2:      layout_basic, minivault_14
D:3:      layout_basic, minmay_misc_feat_nine_boxes
D:4:      layout_loops_ring, nicolae_overflow_hidden_temple,
          minmay_temple_entry_statues_fountains, kennysheep_generic_room_14
Temple:   sentei_temple_godly_chess

Skill      XL: |  1  2  3  4 |
---------------+-------------+-----
Axes           | 3 4 5 |  5.1
Armour         | 2 |  2.0
Fighting       | |  2.0
Throwing       | |  1.0
Dodging        | |  2.1
Spellcasting   | |  2.0
Translocations | |  2.4

Action                   |  1- 3 |  4- 6 || total
-------------------------+-------+-------++-------
Melee: Hand axe          |    79 |    49 ||   128
       Kick              |    24 |    10 ||    34
       Peck              |    12 |     8 ||    20
Throw: Boomerang         |     7 |    10 ||    17
  Use: Potion            |     2 |       ||     2
       Scroll            |       |    11 ||    11
 Stab: Sleeping          |     1 |       ||     1
Armor: Leather armour    |    11 |       ||    11
       Ring mail         |     9 |       ||     9
       Plate armour      |       |    31 ||    31
Dodge: Dodged            |    27 |    14 ||    41

Table legend:
 A = Non-vault XP
 B = Vault XP
 C = Vault XP percentage of total XP
 D = Non-vault monster count
 E = Vault monster count
 F = Vault count percentage of total count
                 A         B        C        D         E       F
            +---------+---------+-------+---------+---------+-------
      Total |     159 |       0 |   0.0 |      65 |       0 |   0.0
            +---------+---------+-------+---------+---------+-------
        D:1 |      45 |       0 |   0.0 |      22 |       0 |   0.0
        D:2 |      52 |       0 |   0.0 |      23 |       0 |   0.0
        D:3 |      56 |       0 |   0.0 |      17 |       0 |   0.0
        D:4 |       6 |       0 |   0.0 |       3 |       0 |   0.0
            +---------+---------+-------+---------+---------+-------
